 Dungeon Crawl Stone Soup version 0.30-a0-305-g026cb31310 (webtiles) character file.

Game seed: 3615896005859065858

308 Harunobu the Trooper (level 6, -2/57 HPs)
             Began as a Minotaur Monk on Oct 21, 2022.
             Slain by an iguana (6 damage)
             ... on level 5 of the Dungeon.
             The game lasted 00:05:02 (2215 turns).

Harunobu the Trooper (Minotaur Monk)                Turns: 2215, Time: 00:05:03

Health: -2/57      AC:  9    Str: 18    XL:     6   Next: 17%
Magic:  5/5        EV:  8    Int:  7    God:
Gold:   61         SH:  0    Dex: 12    Spells: 5/5 levels left

rFire   . . .      SeeInvis .    m - +0 dagger (flame)
rCold   . . .      Faith    .    (no shield)
rNeg    . . .      Spirit   .    e - +0 chain mail
rPois   .          Reflect  .    (helmet restricted)
rElec   .          Harm     .    (no cloak)
rCorr   .          Rampage  .    (no gloves)
Will    .....                    o - +0 pair of boots
Stlth   ..........               (no amulet)
HPRegen 0.29/turn                (no ring)
MPRegen 0.09/turn                (no ring)

@: no status effects
A: horns 2, retaliatory headbutt
a: no special abilities


You were on level 5 of the Dungeon.
You visited 1 branch of the dungeon, and saw 5 of its levels.

You collected 61 gold pieces.

Inventory:

Hand Weapons
 a - a +0 mace
 i - a +0 whip
 m - a +0 dagger of flaming (weapon)
Armour
 b - a +0 robe
 e - a +0 chain mail (worn)
 o - a +0 pair of boots (worn)
Scrolls
 f - a scroll of amnesia {unknown}
 h - a scroll of fear {unknown}
 k - a scroll of identify {unknown}
 l - a scroll of torment {unknown}
 p - a scroll of immolation {unknown}
 q - a scroll of enchant armour {unknown}
Potions
 c - a potion of ambrosia
 d - a potion of berserk rage {unknown}
 g - 3 potions of curing {unknown}
 j - a potion of mutation {unknown}
 n - a potion of heal wounds {unknown}


   Skills:
 + Level 5.6 Fighting
 - Level 3.6 Maces & Flails
 + Level 5.1 Dodging
 + Level 3.6 Stealth


You had 5 spell levels left.
You didn't know any spells.
Your spell library contained the following spells:

 Spells                   Type           Power      Damage    Failure   Level
 Magic Dart               Conj           0%         1d3       100%        1
 Call Imp                 Summ           0%         N/A       100%        2
 Mephitic Cloud           Conj/Pois/Air  0%         N/A       100%        3
 Animate Armour           Summ/Erth      0%         N/A       100%        4
 Blade Hands              Tmut           0%         N/A       100%        5
 Iron Shot                Conj/Erth      0%         9d1       100%        6


Dungeon Overview and Level Annotations

Branches:
Dungeon (5/15)
 Temple: D:4-7

Altars:
Trog

Shops:
D:1 (

Annotations:
D:2 Sigmund
D:3 1 runed translucent door, Harunobu's ghost, amateur OpVM
D:4 Grinder; Pikel


Innate Abilities, Weirdness & Mutations

You have a pair of horns on your head.
You reflexively headbutt those who attack you in melee.


Message History

There is an open door here.
As you open the door, it creaks loudly!
There is an open door here.
An iguana comes into view.
Found a sedimented pink potion.
An orc comes into view. It is wielding a +0 falchion.
Found 8 stones.
The orc shouts!
The iguana bites you but does no damage.
You hit the iguana but do no damage.
An orc comes into view. It is wielding a +0 flail.
An orc comes into view. It is wielding a +0 mace.
The iguana bites you.
The orc shouts! x2
You hit the iguana. You burn the iguana. You headbutt the iguana.
The iguana is heavily wounded.
An orc wizard comes into view. It is wielding a +0 dagger.
The iguana bites you!
You hit the iguana. You burn the iguana.
The iguana is severely wounded.
An orc comes into view. It is wielding a +0 short sword.
The iguana barely misses you.
You barely miss the iguana.
The iguana is severely wounded.
The orc shouts!
You hear a shout!
The iguana closely misses you.
You hit the iguana but do no damage.
The iguana is severely wounded.
The iguana bites you!
* * * LOW HITPOINT WARNING * * *
You hit the iguana but do no damage.
The iguana is severely wounded.
The orc hits you with a +0 falchion.
* * * LOW HITPOINT WARNING * * *
The iguana bites you!
* * * LOW HITPOINT WARNING * * *
An orc comes into view. It is wielding a +0 hand axe.
The orc attacks as you move away! The orc hits you but does no damage.
The iguana attacks as you move away! The iguana bites you.
You die...

...................
...................
...................
.!................
................. .
..............###+###..
..............#........
......o@......'....#
......l.......#....#....
...o.o........#....#....
....o.........#....#....
...o..........#....#....
o.............'....#....
(.............#....#....
####..........#+####....
..................


You could see an iguana, an orc wizard and 5 orcs.

Vanquished Creatures
  A necrophage (D:5)
  A scorpion (D:5)
  2 iguanas (D:5)
  3 gnolls (D:2)
  3 adders
  3 worms
  3 dart slugs
  6 endoplasms
  3 giant cockroaches
  5 hobgoblins
  7 kobolds
  3 quokkas
  9 ball pythons
  5 bats
  A frilled lizard (D:1)
  13 goblins
  7 rats
75 creatures vanquished.

Vanquished Creatures (others)
  4 toadstools (D:1)
4 creatures vanquished.

Grand Total: 79 creatures vanquished

Notes
Turn   | Place    | Note
-------+----------+-------------------------------------------
     0 | D:1      | Harunobu the Minotaur Monk began the quest for the Orb.
     0 | D:1      | Reached XP level 1. HP: 19/19 MP: 0/0
   112 | D:1      | Reached XP level 2. HP: 27/27 MP: 1/1
   180 | D:1      | Found Letyppir's Weapon Shop.
   506 | D:1      | Reached XP level 3. HP: 33/33 MP: 2/2
   750 | D:2      | Reached XP level 4. HP: 35/41 MP: 3/3
   782 | D:2      | Noticed Sigmund
  1399 | D:3      | Found a bloodstained altar of Trog.
  1413 | D:3      | Found a runed translucent door.
  1415 | D:3      | Noticed Harunobu's ghost (amateur OpVM)
  1969 | D:4      | Reached XP level 5. HP: 47/47 MP: 4/4
  1983 | D:4      | Reached skill level 5 in Fighting
  1990 | D:4      | Noticed Grinder
  2070 | D:4      | Noticed a lemure
  2070 | D:4      | Noticed a lemure
  2070 | D:4      | Noticed Pikel
  2070 | D:4      | Noticed a lemure
  2090 | D:5      | Entered Level 5 of the Dungeon
  2173 | D:5      | Reached skill level 5 in Dodging
  2173 | D:5      | Reached XP level 6. HP: 32/56 MP: 5/5
  2215 | D:5      | Slain by an iguana

Illustrated notes

Levels and vault maps discovered:
D:1:      ldierk_water_garden, layout_basic, serial_shops,
          nicolae_shop_bloodbath_and_beyond
D:2:      layout_rooms, nicolae_figureground_pulse, uniq_sigmund
D:3:      layout_basic, mainiacjoe_overflow_six_doors_small,
          ebering_ghost_sewer_d, serial_bayou_pond_d
D:4:      layout_basic, uniq_grinder, uniq_pikel, uniq_natasha
D:5:      layout_gridville, marbit_many_paths,
          lightli_ossuary_entry_decrepit_ruins

Skill      XL: |  1  2  3  4  5 |
---------------+----------------+-----
Fighting       | 4 5 |  5.6
Stealth        | 2 3 |  3.6
Dodging        | 4 5 |  5.1
Maces & Flails | |  3.6

Action                   |  1- 3 |  4- 6 || total
-------------------------+-------+-------++-------
Melee: Mace              |    30 |       ||    30
       Headbutt          |    11 |    26 ||    37
       Whip              |    38 |    56 ||    94
       Dagger            |       |    70 ||    70
Armor: Robe              |     3 |       ||     3
       Chain mail        |    55 |    76 ||   131
Dodge: Dodged            |    53 |    59 ||   112

Table legend: (Time is in decaauts)
 A = Elapsed time spent in this place.
 B = Non-inter-level travel time spent in this place.
 C = Inter-level travel time spent in this place.
 D = Time resting spent in this place.
 E = Time spent auto-exploring this place.
 F = Levels seen in this place.
 G = Mean time per level.
                   A        B        C        D        E       F      G
               +--------+--------+--------+--------+--------+-----+--------+
         Total |   2216 |   2108 |    108 |    631 |    790 |   5 |  443.2 |
       Dungeon |   2216 |   2108 |    108 |    631 |    790 |   5 |  443.2 |
               +--------+--------+--------+--------+--------+-----+--------+

Top non-repeatable levels by time:
     D:3: 956 daAuts
     D:1: 881 daAuts
     D:2: 163 daAuts
     D:5: 124 daAuts
     D:4: 90 daAuts
